 Dungeon Crawl Stone Soup version 0.32-a0-953-g508020473e (webtiles) character file.

Game seed: 5000891239342582173

291 spaghetti the Ruffian (level 6, -3/56 HPs)
             Began as a Naga Chaos Knight on Apr 17, 2024.
             Was a Plaything of Xom.
             Slain by a black bear (4 damage)
             ... on level 3 of the Dungeon.
             The game lasted 00:03:07 (2723 turns).

spaghetti the Ruffian (Naga Chaos Knight)           Turns: 2723, Time: 00:03:07

Health: -3/56      AC:  8    Str: 14    XL:     6   Next: 32%
Magic:  6/6        EV:  1    Int: 13    God:    Xom [*.....]
Gold:   161        SH:  0    Dex: 12    Spells: 5/5 levels left

rFire   . .          .
                       - Unarmed
rCold   . . .        (no shield)
rNeg    . . .        e - +0 plate armour
rPois   +            (no helmet)
rElec   .            (no cloak)
rCorr   .            (no gloves)
SInv    +            (no barding)
Will    .....        (no amulet) Stlth
                     d - ring of protection from cold
HPRegen 0.29/turn    (no ring)
MPRegen 0.10/turn

%: no passive effects
@: mighty, very slow
A: AC +2, large, see invisible, deformed body, poison resistance, slowness 2,
spit poison 1, naga tail 1, sense surroundings 1, screaming 1, cold
vulnerability 1
a: Spit Poison, Renounce Religion


You were on level 3 of the Dungeon.
You worshipped Xom.
You were a special plaything of Xom.
You visited 1 branch of the dungeon, and saw 4 of its levels.

You collected 161 gold pieces.

Inventory:

Armour
 a - a +2 leather armour
 e - a +0 plate armour (worn)
Jewellery
 d - a ring of protection from cold (left hand)
 f - a ring of flight
Scrolls
 g - a scroll of enchant weapon
 h - a scroll of identify


   Skills:
 - Level 3.0 Fighting
 + Level 3.0 Armour
 + Level 2.5 Dodging
 + Level 5.2 Unarmed Combat


You had 5 spell levels left.
You didn't know any spells.
Your spell library contained the following spells:

 Spells                   Type           Power      Damage    Failure   Level
 Mercury Vapours          Alch/Air       0%         N/A       100%        2
 Mephitic Cloud           Conj/Alch/Air  0%         N/A       100%        3
 Freezing Cloud           Conj/Ice/Air   0%         6-21      100%        5


Dungeon Overview and Level Annotations

Branches:
Dungeon (4/15)
 Temple: D:4-7

Altars:
Makhleb
Yredelemnul

Annotations:
D:3 exclusion: door


Innate Abilities, Weirdness & Mutations

Your serpentine skin is tough. (AC +2)
You have supernaturally acute eyesight. (SInv)
Armour fits poorly on your strangely shaped body.
Your system is resistant to poisons. (rPois)
You cover ground very slowly.
You can spit poison.
You have a snake-like lower body.
You passively map a small area around you.
You occasionally shout uncontrollably at your foes.
You are vulnerable to cold. (rC-)


Message History

The ufetubus hits you but does no damage. x3
The ufetubus hits you.
* * * LOW HITPOINT WARNING * * *
Unknown command.
The phantom hits itself but does no damage.
The ufetubus hits you but does no damage. x2
Things that are here:
a +0 short sword; a +0 ring mail; an orc corpse The ufetubus attacks as it pursues you!
The ufetubus hits you but does no damage. x2
The ufetubus slips past you!
The ufetubus hits you but does no damage. x2
There is a stone staircase leading up, spattered with blood here.
The ufetubus hits you but does no damage.
The ufetubus hits you.
* * * LOW HITPOINT WARNING * * *
The black bear bites you.
* * * LOW HITPOINT WARNING * * *
The black bear completely misses you.
The black bear claws you but does no damage.
You climb upwards.
Level annotation: exclusion: door
There is a stone staircase leading down here.
Unknown command.
Unknown command.
Okay, then.
You feel very mighty all of a sudden.
The black bear bites you but does no damage.
The black bear claws you.
* * * LOW HITPOINT WARNING * * *
The black bear claws you.
* * * LOW HITPOINT WARNING * * *
Unknown command.
You aren't carrying any items that you can evoke.
Okay, then.
You punch the black bear!
The black bear is heavily wounded.
The black bear bites you.
You die...
Xom cackles wildly!

#..................#...
##...#'###########.#...
#...#.# ########.#...
#...#.# #........#.##
#...#.# #............
#...#.# #.......##.##
#...#.# #.......##.##
########.####.......##.##
#.....##@................
#.....##h####.......#####
#.....##...##.......# #
#.....####.#####.#### #
#.....# #.# #.# #
#.....####.#####.########
#........................
#........................
#........................


You could see a black bear.

Vanquished Creatures
  A phantom (D:4)
  A scorpion (D:4)
  4 gnolls (D:3)
  5 adders
  An adder zombie (D:4)
  An adder skeleton (D:4)
  2 dart slugs (D:2)
  An orc (D:4)
  8 bats
  5 endoplasms
  3 giant cockroaches
  6 goblins
  6 hobgoblins
  4 jackals (D:2)
  A quokka (D:3)
  6 ball pythons
  2 frilled lizards (D:1)
  11 kobolds
  9 rats
77 creatures vanquished.

Notes
Turn   | Place    | Note
-------+----------+-------------------------------------------
     0 | D:1      | spaghetti the Naga Chaos Knight began the quest for the
                  | Orb.
     0 | D:1      | Reached XP level 1. HP: 21/21 MP: 1/1
    31 | D:1      | XOM: silly message
   126 | D:1      | Reached XP level 2. HP: 28/28 MP: 2/2
   251 | D:1      | XOM: divination: detect items
   333 | D:1      | Reached skill level 4 in Unarmed Combat
   393 | D:1      | Reached XP level 3. HP: 34/34 MP: 3/3
   676 | D:2      | Reached skill level 1 in Dodging
   741 | D:2      | XOM: noise
   792 | D:2      | XOM: silly message
   794 | D:2      | XOM: silly message
   799 | D:2      | Reached XP level 4. HP: 42/42 MP: 4/4
   989 | D:2      | XOM: 6-stop teleportation journey
  1539 | D:3      | XOM: divination: detect items
  1826 | D:3      | XOM is BORED!
  1903 | D:3      | Reached XP level 5. HP: 47/49 MP: 5/5
  2269 | D:3      | Found a faded altar of an unknown god.
  2347 | D:3      | Found a basalt altar of Yredelemnul.
  2347 | D:3      | Noticed a weeping skull
  2389 | D:3      | XOM: noise
  2441 | D:4      | XOM: cloud trail
  2465 | D:4      | Found a burning altar of Makhleb.
  2483 | D:4      | Noticed a phantom
  2504 | D:4      | XOM: noise
  2505 | D:4      | Reached skill level 5 in Unarmed Combat
  2506 | D:4      | XOM: enchant monster (good)
  2673 | D:3      | XOM: give mutations
  2673 | D:3      | Gained mutation: You passively map a small area around you.
                  | [Xom's mischief]
  2673 | D:3      | Gained mutation: You occasionally shout uncontrollably at
                  | your foes. [Xom's mischief]
  2673 | D:3      | Gained mutation: You are vulnerable to cold. (rC-) [Xom's
                  | mischief]
  2695 | D:4      | XOM: destruction
  2699 | D:4      | Killed a phantom
  2700 | D:4      | Reached XP level 6. HP: 36/56 MP: 6/6
  2707 | D:4      | XOM: swap monsters
  2708 | D:4      | Noticed a black bear
  2710 | D:4      | XOM: summons 1 hostile demon
  2722 | D:3      | HP: 2/56 [black bear (4)]
  2723 | D:3      | Slain by a black bear

Illustrated notes

Levels and vault maps discovered:
D:1:      scummos_arrival_simple_crosswalls, layout_basic
D:2:      layout_basic, lexackson_kobold_supper
D:3:      layout_basic, yredelemnul_forgotten_temple_becter,
          dreamdust_ecumenical_altar_angels_and_demons
D:4:      layout_loops_cross, mainiacjoe_overflow_paths,
          mainiacjoe_overflow_brackets, serial_undead, serial_undead_a,
          serial_undead_f, serial_undead_f, serial_undead_e, serial_undead_e,
          serial_undead_c, serial_undead_a,
          hangedman_abyss_or_decor_lesser_grid, dreamdust_princess_corridor,
          kennysheep_generic_room_11

Skill      XL: |  1  2  3  4  5 |
---------------+----------------+-----
Unarmed Combat | 4 5 |  5.2
Dodging        | 1 2 |  2.5
Armour         | 2 3 |  3.0
Fighting       | |  3.0

Action                     |  1- 3 |  4- 6 || total
---------------------------+-------+-------++-------
  Melee: Unarmed           |    82 |   141 ||   223
         Punch             |     3 |     2 ||     5
Ability: Spit Poison       |    17 |    21 ||    38
    Use: Potion            |     2 |     4 ||     6
         Scroll            |     2 |     1 ||     3
 Armour: Leather armour    |    32 |       ||    32
         Plate armour      |    34 |   197 ||   231
  Dodge: Dodged            |    22 |    10 ||    32

Table legend: (Time is in decaauts)
 A = Elapsed time spent in this place.
 B = Non-inter-level travel time spent in this place.
 C = Inter-level travel time spent in this place.
 D = Time resting spent in this place.
 E = Time spent auto-exploring this place.
 F = Levels seen in this place.
 G = Mean time per level.
                   A        B        C        D        E       F      G
               +--------+--------+--------+--------+--------+-----+--------+
         Total |   3460 |   3336 |    124 |    185 |   2632 |   4 |  865.0 |
       Dungeon |   3460 |   3336 |    124 |    185 |   2632 |   4 |  865.0 |
               +--------+--------+--------+--------+--------+-----+--------+

Top non-repeatable levels by time:
     D:3: 1382 daAuts
     D:2: 1137 daAuts
     D:1: 781 daAuts
     D:4: 158 daAuts
